[Event "Titled Tuesday Blitz April 12 Late 2022"]
[White "Paravyan, David"]
[Black "Yanchenko, Roman"]
[WhiteFideId "4194985"]
[BlackFideId "4137329"]
[WhiteElo "2569"]
[BlackElo "2514"]
[Result "1/2-1/2"]
[Round "05"]
[TimeControl "180+1"]
[Date "2022.04.12"]
[WhiteClock "0:00:18"]
[BlackClock "0:00:17"]

1. e4 e6 2. d4 d5 3. Nc3 Bb4 4. e5 Ne7 5. a3 Bxc3+ 6. bxc3 b6 7. Qg4 Kf8 8. a4 Ba6 9. Bxa6 Nxa6 10. Ne2 c5 11. O-O Rc8 12. a5 b5 13. dxc5 Nxc5 14. Ba3 a6 15. Ng3 g6 16. Qd4 Qc7 17. Bc1 h5 18. Bg5 Nd7 19. Qh4 Nxe5 20. Rae1 Ng4 21. f3 Nh6 22. Bf6 Rh7 23. Ne2 Nhf5 24. Qg5 Ng8 25. Bd4 Nxd4 26. cxd4 Qe7 27. Qd2 Kg7 28. Nf4 Qd6 29. Nd3 Ne7 30. Nc5 Rxc5 31. dxc5 Qxc5+ 32. Kh1 Nf5 33. Qf4 Qd4 34. Qxd4+ Nxd4 35. Re3 Rh8 36. Rc3 Rd8 37. Rc7 e5 38. Re1 Kf6 39. Kg1 Rd6 40. Kf2 Rc6 41. Rxc6+ Nxc6 42. g3 Ke6 43. f4 e4 44. Ke3 f5 45. Ra1 d4+ 46. Kd2 Kd5 47. h3 e3+ 48. Ke2 Nb4 49. Rc1 Na2 50. Rg1 Ke4 51. g4 Nc3+ 52. Ke1 hxg4 53. hxg4 Kxf4 54. gxf5 Kxf5 55. Rf1+ Ke5 56. Rf8 Ne4 57. Rg8 Kd5 58. Rxg6 Nc5 59. Ke2 Kc4 60. Rc6 b4 61. Kd1 b3 62. cxb3+ Kb4 63. Ke2 Kb5 64. Rb6+ Kxa5 65. Rb8 Ne4 66. Kd3 Nd6 67. Rd8 Nb5 68. Kc4 Kb6 69. Re8 Kc7 70. Re6 Kb7 71. b4 Nc7 72. Re7 Kc6 73. Kxd4 Nb5+ 74. Kxe3 Kd5 75. Rh7 Kc4 76. Rh4+ Kb3 77. Rh6 Kxb4 78. Rxa6 Kc4 79. Rh6 Nc3 80. Rc6+ Kb4 81. Kd3 Nb5 82. Rc8 Kb3 83. Rc4 Ka3 84. Kc2 Nd6 85. Rd4 Nb5 86. Rh4 Nd6 87. Rg4 Nb5 88. Rf4 Nc7 89. Rd4 Nb5 90. Rc4 Nd6 91. Rc6 Nb5 92. Rh6 Kb4 93. Kd3 Kc5 94. Rh5+ Kc6 95. Rg5 Nd6 96. Kd4 Nb5+ 97. Kc4 Nd6+ 98. Kb4 Ne4 99. Re5 Nd6 100. Rc5+ Kd7 101. Rh5 Ke6 102. Kc5 Ne4+ 103. Kd4 Nf6 104. Rh6 Kf5 105. Rh1 Kf4 106. Rf1+ Kg5 107. Ke5 Ng4+ 108. Ke6 Ne3 109. Rf3 Ng4 110. Rf5+ Kh4 111. Ra5 Kg3 112. Ra4 Kf3 113. Kf5 Ne3+ 114. Kg5 Ke2 115. Kf4 Nd5+ 116. Ke5 Nc3 117. Rd4 Ke3 118. Rd8 Ne2 119. Kd5 Kd3 120. Kc5+ Ke3 121. Kc4 Nf4 122. Re8+ Kf3 123. Kd4 Ne2+ 124. Kd3 Nf4+ 125. Kd2 Kg4 126. Ke3 Nd5+ 127. Kd4 Nf6 128. Re1 1/2-1/2


[Site "https://www.chess.com"]

[Event "Titled Tuesday Blitz April 12 Late 2022"]
[White "Pein, Jonathan"]
[Black "Khamzin, Olzhas"]
[WhiteFideId "417092"]
[BlackFideId "13701690"]
[WhiteElo "2140"]
[BlackElo "2155"]
[Result "1-0"]
[Round "05"]
[TimeControl "180+1"]
[Date "2022.04.13"]
[WhiteClock "0:01:11"]
[BlackClock "0:00:04"]

1. e4 c6 2. b3 d5 3. Bb2 dxe4 4. Nc3 Nf6 5. Nge2 Bf5 6. Ng3 Bg6 7. Qe2 Nbd7 8. h4 h6 9. h5 Bh7 10. Ngxe4 e6 11. g3 Be7 12. O-O-O Nxe4 13. Nxe4 Nf6 14. Bg2 Nxe4 15. Bxe4 Bxe4 16. Qxe4 Bf6 17. d4 Qd6 18. f4 O-O-O 19. g4 Qd5 20. Rhe1 Bh4 21. Re2 Rd7 22. a4 Rhd8 23. Qxd5 exd5 24. Ba3 Bg3 25. Rf1 Rg8 26. Rf3 Bh4 27. Rfe3 Bf6 28. c3 Kc7 29. Kc2 g6 30. Re8 Rd8 31. Rxd8 Bxd8 32. hxg6 Rxg6 33. Rg2 h5 34. g5 f6 35. Bc1 fxg5 36. fxg5 Kd7 37. Rh2 Bxg5 38. Rg2 h4 39. Rxg5 Rf6 40. Rh5 Rf2+ 41. Bd2 Rh2 42. Rh7+ Kc8 43. a5 a6 44. c4 h3 45. Kd3 Rh1 46. cxd5 cxd5 47. Bf4 Rf1 48. Be5 Rf3+ 49. Kc2 Rf2+ 50. Kc3 Rf3+ 51. Kb4 Kd8 52. Kc5 Rxb3 53. Kxd5 Rb5+ 54. Kd6 Ke8 55. Rxh3 Rxa5 56. Ke6 Kf8 57. Rh8# 1-0


[Site "https://www.chess.com"]

[Event "Titled Tuesday Blitz April 12 Late 2022"]
[White "Pesotskiy, Mikhail"]
[Black "Volkov, Maksim"]
[WhiteFideId "34164453"]
[BlackFideId "54123070"]
[WhiteElo "2010"]
[BlackElo "2081"]
[Result "0-1"]
[Round "05"]
[TimeControl "180+1"]
[Date "2022.04.13"]
[WhiteClock "0:00:00"]
[BlackClock "0:00:14"]

1. d4 d5 2. c4 e6 3. Nc3 c6 4. Nf3 dxc4 5. a4 Bb4 6. e4 b5 7. Be2 Bb7 8. O-O a6 9. Bg5 f6 10. Be3 Ne7 11. e5 Nf5 12. Ne4 Nd7 13. b3 c3 14. Qc2 O-O 15. Rfd1 Nxe3 16. fxe3 Qc7 17. exf6 Nxf6 18. Nxc3 Ng4 19. Qd3 c5 20. Ne4 cxd4 21. Qxd4 Ba5 22. h3 Bb6 23. Rac1 Qxc1 24. Rxc1 Bxd4 25. Nxd4 Nxe3 26. Nd6 Bd5 27. axb5 axb5 28. N4xb5 Nxg2 29. Nc3 Nf4 30. Bf1 Bxb3 31. Re1 Rad8 32. Nde4 Rc8 33. Rb1 Bc2 34. Rb7 Bxe4 35. Nxe4 Rfd8 36. Ng5 h6 37. Nf3 Rc1 38. Kf2 Rc2+ 39. Kg3 Ne2+ 40. Kg4 Rc4+ 41. Kh5 Ng3+ 42. Kg6 Nxf1 43. Rf7 Re4 44. Rxg7+ Kf8 0-1


[Site "https://www.chess.com"]

[Event "Titled Tuesday Blitz April 12 Late 2022"]
[White "Petrova, Irina"]
[Black "Kozak, Adam"]
[WhiteFideId "14124122"]
[BlackFideId "753246"]
[WhiteElo "1993"]
[BlackElo "2459"]
[Result "0-1"]
[Round "05"]
[TimeControl "180+1"]
[Date "2022.04.13"]
[WhiteClock "0:01:06"]
[BlackClock "0:01:40"]

1. e4 c5 2. Nf3 e6 3. b3 d5 4. exd5 exd5 5. Bb5+ Nc6 6. O-O Nf6 7. d4 Be6 8. Bb2 a6 9. Bxc6+ bxc6 10. Re1 Be7 11. dxc5 Bxc5 12. Ng5 O-O 13. Nxe6 fxe6 14. Rxe6 Ne4 15. Bd4 Bxd4 16. Qxd4 c5 17. Qe5 Qh4 18. g3 Qg5 19. Nc3 Qxe5 20. Rxe5 Nxc3 21. Rae1 Rad8 22. Re7 Rd6 23. f4 Rg6 24. Rd7 h6 25. Ree7 Rxf4 26. Kg2 Rd4 27. h4 Rd2+ 28. Kh3 Rxc2 29. h5 Rg5 30. Rd8+ Kh7 31. Ree8 Rxh5+ 32. Kg4 Rg5+ 33. Kf3 Ne4 34. Rh8+ Kg6 35. Ra8 Rf2+ 36. Ke3 Rxg3# 0-1


[Site "https://www.chess.com"]

[Event "Titled Tuesday Blitz April 12 Late 2022"]
[White "Petrovic, Aleksa"]
[Black "De Souza, Cristiano Gomes"]
[WhiteFideId "967629"]
[BlackFideId "2151758"]
[WhiteElo "2198"]
[BlackElo "2068"]
[Result "0-1"]
[Round "05"]
[TimeControl "180+1"]
[Date "2022.04.13"]
[WhiteClock "0:00:03"]
[BlackClock "0:00:24"]

1. e4 c5 2. Nf3 d6 3. Bb5+ Bd7 4. Bxd7+ Qxd7 5. O-O Nc6 6. c4 e5 7. Nc3 Nf6 8. d3 h6 9. Nh4 g6 10. f4 exf4 11. Bxf4 g5 12. Be3 Ng4 13. Nf5 Nxe3 14. Nxe3 Bg7 15. Ncd5 Bd4 16. Kh1 O-O-O 17. Nf5 Rdg8 18. Rb1 Rg6 19. b4 cxb4 20. Nxb4 Nxb4 21. Rxb4 Bc5 22. Rb5 a6 23. Rb3 Re6 24. d4 Ba7 25. Qd3 Rhe8 26. Ng3 h5 27. Rfb1 h4 28. Rxb7 Qxb7 29. Rxb7 Kxb7 30. Nf5 Kc7 31. e5 dxe5 32. d5 e4 33. Qa3 Rb6 34. g3 Rb1+ 35. Kg2 e3 36. Qxa6 Kb8 37. Nd6 Rb6 38. Qa4 Re7 39. c5 Rb2+ 40. Kh3 e2 41. Qc6 Bxc5 42. Qxc5 e1=Q 43. Qc8+ Ka7 44. Qc5+ Rb6 45. Nb5+ Ka6 46. Nc7+ Rxc7 47. Qxc7 Qf1+ 48. Kg4 Rb4+ 49. Kh5 Qf3+ 50. Kh6 Qxd5 51. Qc8+ Rb7 52. Qa8+ Kb6 53. Kg7 Qd4+ 54. Kg8 f5 55. a4 Qg7# 0-1


[Site "https://www.chess.com"]

[Event "Titled Tuesday Blitz April 12 Late 2022"]
[White "Petrovskyi, Vadym"]
[Black "Svane, Rasmus"]
[WhiteFideId "14165210"]
[BlackFideId "4657101"]
[WhiteElo "2400"]
[BlackElo "2645"]
[Result "1-0"]
[Round "05"]
[TimeControl "180+1"]
[Date "2022.04.12"]
[WhiteClock "0:00:11"]
[BlackClock "0:00:03"]

1. e4 c6 2. d4 d5 3. Nc3 dxe4 4. Nxe4 Nf6 5. Nxf6+ exf6 6. c3 Bd6 7. Bd3 O-O 8. Qc2 Re8+ 9. Ne2 h5 10. Be3 Nd7 11. Ng3 Bf4 12. O-O Bxg3 13. hxg3 Nf8 14. Rfe1 Be6 15. c4 Qd7 16. Rad1 Rad8 17. Be2 Bg4 18. d5 b6 19. b3 Ng6 20. Bxg4 hxg4 21. d6 c5 22. Rd5 Re6 23. Red1 Qc6 24. Qd2 Rd7 25. Bf4 Qc8 26. a4 Qe8 27. Be3 Re4 28. Qc2 Qe6 29. a5 f5 30. axb6 axb6 31. Qa2 Kh7 32. Qa6 Rxe3 33. fxe3 Qxe3+ 34. Kh2 Qh6+ 35. Kg1 Qe3+ 36. Kh2 Ne5 37. Qa1 Nf3+ 38. gxf3 Qf2+ 39. Kh1 Qxf3+ 40. Kg1 Qxg3+ 41. Kf1 Qf3+ 42. Kg1 Qg3+ 43. Kf1 Qh3+ 44. Ke2 Qg2+ 45. Kd3 b5 46. Qc1 bxc4+ 47. Qxc4 Qf3+ 48. Kc2 Kg6 49. Qxc5 g3 50. Qc6 Rd8 51. d7+ f6 52. Qc7 Qe4+ 53. R1d3 g2 54. Qxd8 g1=Q 55. Qe8+ Kh6 56. Qxe4 fxe4 57. d8=Q exd3+ 58. Rxd3 Qf2+ 59. Rd2 Qc5+ 60. Kb2 f5 61. Qd4 Qe7 62. Rh2+ Kg6 63. Rg2+ Kh6 64. Qf4+ g5 65. Qxf5 Qe3 66. Rh2+ Kg7 67. Rh7+ Kg8 68. Qf7# 1-0


[Site "https://www.chess.com"]

[Event "Titled Tuesday Blitz April 12 Late 2022"]
[White "Pinheiro, Iung Alicio de O."]
[Black "Gatterer, Florian"]
[WhiteFideId "2104350"]
[BlackFideId "811688"]
[WhiteElo "2523"]
[BlackElo "2218"]
[Result "1-0"]
[Round "05"]
[TimeControl "180+1"]
[Date "2022.04.13"]
[WhiteClock "0:00:19"]
[BlackClock "0:00:14"]

1. c4 Nf6 2. g3 g6 3. Bg2 Bg7 4. Nc3 c5 5. a3 O-O 6. Rb1 a5 7. Nh3 d5 8. cxd5 Nxd5 9. Nxd5 Bxh3 10. Bxh3 Qxd5 11. O-O e5 12. d3 Nc6 13. Bg2 Qd6 14. Be3 b6 15. b4 axb4 16. axb4 Rac8 17. bxc5 bxc5 18. Rb7 Nd4 19. Bd2 Rc7 20. Rb1 Ra7 21. e3 Ne6 22. Qb3 Rd8 23. Rfd1 h5 24. Bc3 h4 25. Qc4 hxg3 26. hxg3 Ra3 27. Rb7 Rf8 28. Bd5 Re8 29. Be4 Qa6 30. Qxa6 Rxa6 31. Rdb1 Ra3 32. Bb2 Ra2 33. Bd5 Bf6 34. Bxa2 Kg7 35. Bxe6 Rxe6 36. Bc3 Ra6 37. R1b6 Ra2 38. Bb2 Ra4 39. f4 g5 40. fxe5 Bd8 41. e6+ Kg6 42. exf7+ Kh5 43. f8=Q Kg4 44. Qf2 Bxb6 45. Rxb6 Ra2 46. Kg2 Rxb2 47. Rxb2 1-0


[Site "https://www.chess.com"]

[Event "Titled Tuesday Blitz April 12 Late 2022"]
[White "Pourkashiyan, Atousa"]
[Black "Antonova, Nadezhda"]
[WhiteFideId "12502014"]
[BlackFideId "14700182"]
[WhiteElo "2247"]
[BlackElo "1789"]
[Result "1-0"]
[Round "05"]
[TimeControl "180+1"]
[Date "2022.04.13"]
[WhiteClock "0:00:52"]
[BlackClock "0:00:06"]

1. e4 c5 2. Nf3 d6 3. d4 cxd4 4. Nxd4 Nf6 5. Nc3 a6 6. Bc4 e6 7. O-O Be7 8. Bb3 O-O 9. Be3 Qc7 10. f4 Nc6 11. Qf3 Nxd4 12. Bxd4 b5 13. a3 Bb7 14. Qg3 Rfd8 15. Rae1 Ne8 16. f5 e5 17. Be3 Nf6 18. Bh6 Nh5 19. Qg4 Bf8 20. Qxh5 gxh6 21. Rf3 Kh8 22. Bxf7 a5 23. f6 Rd7 24. Be6 d5 25. Rg3 Bc5+ 26. Kh1 dxe4 27. f7 Rdd8 28. Qg4 Qb8 29. Qg7# 1-0


[Site "https://www.chess.com"]

[Event "Titled Tuesday Blitz April 12 Late 2022"]
[White "Pranav, V"]
[Black "Leitao, Rafael"]
[WhiteFideId "25060783"]
[BlackFideId "2101246"]
[WhiteElo "2349"]
[BlackElo "2609"]
[Result "1-0"]
[Round "05"]
[TimeControl "180+1"]
[Date "2022.04.12"]
[WhiteClock "0:00:48"]
[BlackClock "0:00:13"]

1. e4 c5 2. Nf3 d6 3. Bb5+ Bd7 4. Bxd7+ Nxd7 5. O-O Ngf6 6. Re1 e6 7. c3 Be7 8. d4 cxd4 9. cxd4 d5 10. e5 Ne4 11. Nbd2 Nxd2 12. Bxd2 O-O 13. h4 Rc8 14. h5 Re8 15. h6 g6 16. Nh2 f5 17. Nf3 g5 18. Rc1 g4 19. Nh2 Rxc1 20. Bxc1 Bg5 21. Nf1 Nb6 22. Ng3 f4 23. Qxg4 Kh8 24. Bxf4 Rg8 25. Bxg5 Qxg5 26. Qxe6 Rf8 27. Rf1 Nc4 28. Qxd5 Ne3 29. Qd6 Rd8 30. Qc7 Nxf1 31. Nxf1 Rg8 32. Qxb7 Qxh6 33. Qe4 Qg5 34. Ne3 Rc8 35. e6 Rc1+ 36. Kh2 Qh6+ 37. Kg3 Qg7+ 38. Kf3 Rc8 39. Nf5 Qf6 40. e7 1-0


[Site "https://www.chess.com"]

[Event "Titled Tuesday Blitz April 12 Late 2022"]
[White "Przybylski, Wojciech"]
[Black "Manolache, Marius"]
[WhiteFideId "1117599"]
[BlackFideId "1201530"]
[WhiteElo "2133"]
[BlackElo "2364"]
[Result "1-0"]
[Round "05"]
[TimeControl "180+1"]
[Date "2022.04.13"]
[WhiteClock "0:00:07"]
[BlackClock "0:00:01"]

1. d4 Nf6 2. c4 Nc6 3. d5 Ne5 4. e3 e6 5. Nf3 Ng6 6. Nc3 Bb4 7. Bd2 exd5 8. Nxd5 Nxd5 9. cxd5 Qe7 10. Be2 O-O 11. O-O a5 12. h3 c6 13. a3 Bxd2 14. Qxd2 d6 15. dxc6 bxc6 16. Rfd1 d5 17. Rac1 Bd7 18. Rc2 Rfb8 19. Rdc1 Rb6 20. Ne1 Ne5 21. f4 Ng6 22. Bf3 Nh4 23. Nd3 Nxf3+ 24. gxf3 f6 25. Kh2 Qe6 26. Nf2 Rab8 27. Re1 h5 28. Re2 a4 29. Qd4 Rb3 30. Kg2 Qf5 31. h4 Re8 32. Qa7 Re7 33. Qc5 Kf7 34. Rc3 Rxc3 35. Qxc3 Qb1 36. Qc2 Qxc2 37. Rxc2 Be8 38. e4 Rb7 39. Rd2 Rb3 40. Nd1 dxe4 41. fxe4 c5 42. Nc3 Bc6 43. Kf2 f5 44. e5 Be4 45. Ke3 Bh1 46. Kd3 Bd5 47. Kc2 Be6 48. Rf2 1-0


[Site "https://www.chess.com"]

[Event "Titled Tuesday Blitz April 12 Late 2022"]
[White "Putri, Regita Desyari"]
[Black "Kanyamarala, Tarun"]
[WhiteFideId "7109083"]
[BlackFideId "45004714"]
[WhiteElo "1930"]
[BlackElo "2177"]
[Result "0-1"]
[Round "05"]
[TimeControl "180+1"]
[Date "2022.04.13"]
[WhiteClock "0:00:12"]
[BlackClock "0:00:11"]

1. c4 b6 2. Nc3 Bb7 3. Nf3 e6 4. g3 Bb4 5. Bg2 f5 6. O-O Nf6 7. d4 Bxc3 8. bxc3 O-O 9. a4 Nc6 10. Ba3 Re8 11. Rb1 Na5 12. Nd2 Bxg2 13. Kxg2 Qc8 14. f3 Qa6 15. Rb4 Nb7 16. e4 c5 17. Rb1 fxe4 18. fxe4 e5 19. dxc5 Nxc5 20. Bxc5 bxc5 21. Rb5 Rac8 22. Qc2 Rc6 23. h3 Rec8 24. Nf3 Re6 25. Rd1 Qc6 26. Rd5 d6 27. Qd3 a6 28. Rb2 Rd8 29. Ng5 Ree8 30. a5 Nxd5 31. exd5 e4 32. Nxe4 Qd7 33. Ng5 g6 34. Rf2 Rf8 35. Re2 Qf5 36. Qd2 Qf1+ 37. Kh2 Rde8 38. Ne6 Rf3 39. Rg2 Re7 40. h4 Ref7 41. h5 Rf2 42. hxg6 Qxg2# 0-1


[Site "https://www.chess.com"]

[Event "Titled Tuesday Blitz April 12 Late 2022"]
[White "Quesada Perez, Yuniesky"]
[Black "Riff, Vincent"]
[WhiteFideId "3504409"]
[BlackFideId "617776"]
[WhiteElo "2622"]
[BlackElo "2377"]
[Result "1-0"]
[Round "05"]
[TimeControl "180+1"]
[Date "2022.04.12"]
[WhiteClock "0:01:08"]
[BlackClock "0:02:00"]

1. e4 c5 2. Nf3 Nc6 3. Bb5 d6 4. O-O Bd7 5. Re1 Nf6 6. c3 a6 7. Bf1 Bg4 8. d4 e5 9. dxc5 dxc5 10. Nbd2 Be7 11. h3 Bh5 12. a4 O-O 13. Qc2 Rc8 14. Be2 Qc7 15. Nc4 Bg6 16. Bf1 Rfd8 17. Nh4 Bh5 18. Nf5 Bf8 19. Bg5 Bg6 20. Bxf6 gxf6 21. Nce3 Ne7 22. Ng3 Qc6 23. a5 Bh6 24. Bc4 Bxe3 25. Rxe3 Qd7 26. h4 h5 27. Be2 Qd2 28. Rc1 Qxc2 29. Rxc2 Nc6 30. Bxh5 Nxa5 31. Bg4 Rd1+ 32. Bxd1 1-0


[Site "https://www.chess.com"]

[Event "Titled Tuesday Blitz April 12 Late 2022"]
[White "Quintiliano Pinto, Renato R."]
[Black "Hnydiuk, Aleksander"]
[WhiteFideId "2117568"]
[BlackFideId "1109057"]
[WhiteElo "2439"]
[BlackElo "2374"]
[Result "1-0"]
[Round "05"]
[TimeControl "180+1"]
[Date "2022.04.12"]
[WhiteClock "0:00:56"]
[BlackClock "0:01:04"]

1. Nf3 Nf6 2. b3 g6 3. Bb2 Bg7 4. g3 O-O 5. Bg2 d6 6. d4 e5 7. dxe5 dxe5 8. Qxd8 Rxd8 9. O-O Nc6 10. Nxe5 Nb4 11. Na3 Ng4 12. Nac4 Nxc2 13. Rad1 Re8 14. Nxg4 Bxg4 15. Bxg7 Kxg7 16. Bxb7 Bxe2 17. Bxa8 Rxa8 18. Rd7 Bxf1 19. Kxf1 Rc8 20. Ne5 Kf6 21. f4 Ke6 22. Rxf7 Ne3+ 23. Ke2 Ng4 24. Rxh7 Nxe5 25. fxe5 Kxe5 26. Ke3 a5 27. Kd3 Kd5 28. Rg7 Rh8 29. h4 Rf8 30. Rxg6 Rf2 31. a4 Rf3+ 32. Kc2 c5 33. Rg4 Rf2+ 34. Kc3 Rf3+ 35. Kb2 Rf2+ 36. Ka3 Rf3 37. h5 c4 38. Rxc4 Rxg3 39. Rh4 1-0


[Site "https://www.chess.com"]

[Event "Titled Tuesday Blitz April 12 Late 2022"]
[White "Rangel, Daniel"]
[Black "Lewtak, Damian"]
[WhiteFideId "2124475"]
[BlackFideId "1141724"]
[WhiteElo "2225"]
[BlackElo "2362"]
[Result "0-1"]
[Round "05"]
[TimeControl "180+1"]
[Date "2022.04.13"]
[WhiteClock "0:00:02"]
[BlackClock "0:00:39"]

1. b3 e5 2. Bb2 f6 3. g3 d5 4. Bg2 c5 5. Nf3 Nc6 6. O-O Bd6 7. c4 d4 8. e3 Nge7 9. a3 a5 10. exd4 exd4 11. d3 Bf5 12. Nh4 Be6 13. Re1 Qd7 14. Qe2 Bg4 15. f3 Bh5 16. Nd2 O-O 17. Ne4 g5 18. g4 Bf7 19. Nxd6 Qxd6 20. Nf5 Nxf5 21. gxf5 Rfe8 22. Qf2 Qf4 23. Bh3 Ne5 24. Rxe5 Qxe5 25. Bc1 Qe1+ 26. Bf1 Qxf2+ 27. Kxf2 h5 28. h3 Re7 29. Bd2 Be8 30. h4 gxh4 31. Bh3 Bd7 32. Rh1 Rae8 33. Bf1 Bxf5 34. Rxh4 Bg6 35. Bxa5 Ra8 36. b4 Re3 37. bxc5 Rxa5 38. Rxd4 Re8 39. Rd5 Bf7 40. Rf5 Kg7 41. d4 Rxa3 42. d5 Ra2+ 43. Kg3 Re1 44. Bd3 Bg6 45. d6 Bxf5 46. Bxf5 Rd2 47. d7 Red1 48. Kf4 Rxd7 0-1


[Site "https://www.chess.com"]

[Event "Titled Tuesday Blitz April 12 Late 2022"]
[White "Riehle, Marco"]
[Black "Urazayev, Arystanbek"]
[WhiteFideId "12904392"]
[BlackFideId "13709810"]
[WhiteElo "2462"]
[BlackElo "2422"]
[Result "1-0"]
[Round "05"]
[TimeControl "180+1"]
[Date "2022.04.13"]
[WhiteClock "0:00:25"]
[BlackClock "0:01:04"]

1. e4 c5 2. a3 g6 3. h4 Nf6 4. e5 Nd5 5. c4 Nc7 6. h5 Bg7 7. f4 h6 8. hxg6 fxg6 9. Bd3 O-O 10. Ne2 d6 11. Bxg6 dxe5 12. d3 Qd6 13. Be4 exf4 14. Nbc3 Nc6 15. Bd2 Bg4 16. Qa4 Nd4 17. Nxd4 cxd4 18. Ne2 Ne6 19. Bd5 Kh8 20. Kf2 Nc5 21. Qc2 Qg6 22. Nc1 f3 23. g3 e6 24. Be4 Nxe4+ 25. dxe4 Rac8 26. Nd3 Qxe4 27. Rae1 Qg6 28. Qb3 e5 29. Nxe5 Qf5 30. Bxh6 Kg8 31. Bxg7 Kxg7 32. Qxb7+ Rf7 33. Qxf7+ Qxf7 34. Nxf7 Kxf7 35. Re4 Be6 36. Rxd4 a5 37. Kxf3 Rb8 38. Rh2 Rb3+ 39. Kf4 a4 40. g4 Kg6 41. Rd6 Kf7 42. Rh7+ Kg8 43. Re7 Bxc4 44. Rd8# 1-0


[Site "https://www.chess.com"]

[Event "Titled Tuesday Blitz April 12 Late 2022"]
[White "Savchenko, Boris"]
[Black "Papp, Levente"]
[WhiteFideId "4147332"]
[BlackFideId "751243"]
[WhiteElo "2557"]
[BlackElo "2308"]
[Result "1-0"]
[Round "05"]
[TimeControl "180+1"]
[Date "2022.04.12"]
[WhiteClock "0:00:24"]
[BlackClock "0:00:10"]

1. e4 e6 2. d3 c5 3. Nd2 Nc6 4. f4 d5 5. Ngf3 Qc7 6. g3 Nf6 7. Bg2 b6 8. O-O Bb7 9. e5 Nd7 10. a3 Be7 11. c4 O-O-O 12. cxd5 exd5 13. b4 cxb4 14. axb4 Bxb4 15. Ba3 Bxa3 16. Rxa3 Kb8 17. Qa1 b5 18. Rb1 b4 19. Ra4 Nc5 20. Raxb4 Nxb4 21. Rxb4 Nxd3 22. Rb5 Rc8 23. Bf1 Nc5 24. Nd4 Ne4 25. N2b3 Ka8 26. Ra5 Qb6 27. Rb5 Qc7 28. Kg2 Qc3 29. Qa2 Nc5 30. Ra5 Nxb3 31. Rxa7+ Kb8 32. Rxb7+ Kxb7 33. Qa6+ Kb8 34. Qb6+ Ka8 35. Ba6 Na5 36. Nb5 Qc2+ 37. Kh3 Qf5+ 38. g4 Qd3+ 39. Kh4 g5+ 40. fxg5 Qc2 41. Qa7# 1-0


[Site "https://www.chess.com"]

[Event "Titled Tuesday Blitz April 12 Late 2022"]
[White "Sellitti, Federico"]
[Black "Bibasa, Bob"]
[WhiteFideId "821829"]
[BlackFideId "10000240"]
[WhiteElo "2535"]
[BlackElo "2056"]
[Result "1-0"]
[Round "05"]
[TimeControl "180+1"]
[Date "2022.04.13"]
[WhiteClock "0:01:07"]
[BlackClock "0:01:30"]

1. e4 c5 2. Nc3 Nc6 3. g3 g6 4. Bg2 Bg7 5. d3 Nf6 6. Be3 d6 7. h3 O-O 8. Qd2 a6 9. Bh6 b5 10. Bxg7 Kxg7 11. e5 dxe5 12. Bxc6 Ra7 13. Bg2 Be6 14. Ne4 Rc7 15. Nxf6 exf6 16. Ne2 Qc8 17. g4 c4 18. d4 exd4 19. Nxd4 Rd8 20. c3 Re7 21. O-O Bd5 22. Bxd5 Rxd5 23. Rae1 Ree5 24. f4 Rxe1 25. Qxe1 h5 26. Qe2 hxg4 27. hxg4 Qh8 28. Kg2 b4 29. Rh1 Qa8 30. Qf3 bxc3 31. bxc3 Qd8 32. Qh3 Rxd4 33. Qh6+ 1-0


[Site "https://www.chess.com"]

[Event "Titled Tuesday Blitz April 12 Late 2022"]
[White "Senthilkumar, Pranav"]
[Black "Afshar, Niusha"]
[WhiteFideId "2083477"]
[BlackFideId "12509892"]
[WhiteElo "2389"]
[BlackElo "1862"]
[Result "1-0"]
[Round "05"]
[TimeControl "180+1"]
[Date "2022.04.13"]
[WhiteClock "0:00:25"]
[BlackClock "0:00:21"]

1. d4 d5 2. Nf3 Nf6 3. c4 e6 4. g3 b6 5. Bg2 Bb7 6. O-O Be7 7. Nc3 O-O 8. b3 dxc4 9. bxc4 Ne4 10. Qc2 f5 11. Nd2 Qxd4 12. Ndxe4 Bxe4 13. Nxe4 fxe4 14. Bb2 Qc5 15. Bxe4 Nc6 16. Bxh7+ Kh8 17. Be4 Rad8 18. Bf3 Nd4 19. Bxd4 Rxd4 20. Rad1 Rxc4 21. Qg6 Rf6 22. Qe8+ Kh7 23. Rd7 Bd6 24. Rf7 Qf5 25. Rxf6 Qxf6 26. Qh5+ Kg8 27. Qb5 Rc5 28. Qe8+ Kh7 29. Be4+ g6 30. Qd7+ Kh6 31. Bf3 Re5 32. Qa4 Qe7 33. Qxa7 Bc5 34. Qb7 Rg5 35. a4 e5 36. Qe4 Qd6 37. h4 Rf5 38. Qc4 Kg7 39. Kg2 Qd2 40. Qe4 Qd6 41. e3 Rf8 42. Rd1 Qe6 43. Bg4 Qf6 44. Rd7+ Kh6 45. Bf3 Bd6 46. g4 Qe6 47. g5# 1-0


[Site "https://www.chess.com"]

[Event "Titled Tuesday Blitz April 12 Late 2022"]
[White "Shapiro, David"]
[Black "Renjith, Sravan"]
[WhiteFideId "24133523"]
[BlackFideId "4306783"]
[WhiteElo "2320"]
[BlackElo "1863"]
[Result "1-0"]
[Round "05"]
[TimeControl "180+1"]
[Date "2022.04.13"]
[WhiteClock "0:00:53"]
[BlackClock "0:00:06"]

1. d4 d5 2. Nc3 e6 3. Bf4 c5 4. e4 cxd4 5. Qxd4 Nc6 6. Bb5 a6 7. Bxc6+ bxc6 8. Nf3 c5 9. Qd3 d4 10. Ne2 Nf6 11. c3 Bb7 12. e5 Be4 13. Qd2 Nd5 14. cxd4 Bxf3 15. gxf3 cxd4 16. Qxd4 Rb8 17. Bd2 Bb4 18. a3 Bxd2+ 19. Qxd2 Rb3 20. Nd4 Rb7 21. O-O h5 22. f4 Qh4 23. Kh1 Nxf4 24. Qe3 Nd5 25. Qd3 Kf8 26. Nf5 Qf4 27. Nd6 Rxb2 28. Rab1 Rxb1 29. Rxb1 Qxe5 30. Rb8+ Ke7 31. Rb7+ Kxd6 32. Qxa6+ Nb6 33. Qxb6+ 1-0


[Site "https://www.chess.com"]

[Event "Titled Tuesday Blitz April 12 Late 2022"]
[White "Sheng, Joshua"]
[Black "Mickiewicz, Piotr"]
[WhiteFideId "2057360"]
[BlackFideId "1114891"]
[WhiteElo "2142"]
[BlackElo "2266"]
[Result "1-0"]
[Round "05"]
[TimeControl "180+1"]
[Date "2022.04.12"]
[WhiteClock "0:01:11"]
[BlackClock "0:00:14"]

1. e4 c5 2. Nf3 e6 3. d4 cxd4 4. Nxd4 Nf6 5. Nc3 d6 6. g4 a6 7. g5 Nfd7 8. Bg2 Nc6 9. Be3 Qc7 10. f4 Na5 11. Qd3 Nc4 12. O-O-O b5 13. e5 Nc5 14. Qe2 d5 15. b3 Nxe3 16. Qxe3 b4 17. Nce2 Bd7 18. Kb1 Rc8 19. f5 exf5 20. Nf4 Ne4 21. Nxd5 Nc3+ 22. Nxc3 Qxc3 23. Qe2 Be6 24. Qxa6 Be7 25. Bc6+ Rxc6 26. Nxc6 O-O 27. Nxe7+ Kh8 28. Nd5 Qxe5 29. Nxb4 f4 30. Qd6 Qxg5 31. Qxf8# 1-0


[Site "https://www.chess.com"]

[Event "Titled Tuesday Blitz April 12 Late 2022"]
[White "Shimanov, Aleksandr"]
[Black "Wagner, Dennis"]
[WhiteFideId "4198603"]
[BlackFideId "24650684"]
[WhiteElo "2636"]
[BlackElo "2355"]
[Result "1/2-1/2"]
[Round "05"]
[TimeControl "180+1"]
[Date "2022.04.12"]
[WhiteClock "0:00:03"]
[BlackClock "0:00:21"]

1. d4 Nf6 2. Nc3 d5 3. Bf4 c5 4. e4 Nxe4 5. Nxe4 dxe4 6. dxc5 Qa5+ 7. c3 Qxc5 8. Qa4+ Nc6 9. Qxe4 g6 10. Nf3 Bg7 11. Qe3 Qxe3+ 12. Bxe3 Bg4 13. Be2 O-O 14. h3 Be6 15. Ng5 Bd5 16. Bf3 Bxf3 17. Nxf3 Rfd8 18. Ke2 e5 19. g4 h6 20. Rhg1 Rd7 21. h4 Rad8 22. h5 gxh5 23. gxh5 Kh7 24. Nh4 Ne7 25. Rg2 f5 26. Rag1 Bf6 27. Rg6 Nxg6 28. hxg6+ Kg8 29. Nxf5 Bg7 30. Kf3 b5 31. Ke4 a5 32. Bxh6 Bxh6 33. Nxh6+ Kg7 34. Nf5+ Kf6 35. g7 Rg8 36. Rh1 Rd2 37. Rh6+ Kf7 38. Ra6 Rxf2 39. Nh6+ Kxg7 40. Nxg8 Kxg8 41. Rxa5 Rxb2 42. Kxe5 Kf7 43. Kd6 Ke8 44. Kc6 Rc2 45. Kxb5 Rxc3 46. a4 Kd7 47. Ra8 Kc7 48. a5 Kb7 49. Rh8 Rb3+ 50. Ka4 Rb1 51. Rh7+ Ka6 52. Rh6+ Ka7 53. a6 Rb6 54. Rxb6 Kxb6 55. a7 Kxa7 1/2-1/2


[Site "https://www.chess.com"]